 Dungeon Crawl Stone Soup version 0.23.2-30-g0e89c35649 (webtiles) character file.

Game seed: 10489870225196818984

170 sankara the Chopper (level 5, -12/45 HPs)
             Began as a Hill Orc Fighter on June 20, 2019.
             Was an Initiate of Ru.
             Mangled by Pikel
             ... wielding a +0 whip of electrocution
              (20 damage)
             ... on level 4 of the Dungeon.
             The game lasted 00:08:17 (2360 turns).

sankara the Chopper (Hill Orc Fighter)              Turns: 2360, Time: 00:08:18

Health: -12/45     AC: 15    Str: 20    XL:     5   Next: 51%
Magic:  5/5        EV:  3    Int:  8    God:    Ru [......]
Gold:   129        SH:  9    Dex: 10    Spells: 4/4 levels left

rFire    . . .     SeeInvis .   a - +1 war axe
rCold    . . .     Gourm    .   c - +0 shield
rNeg     . . .     Faith    .   w - +0 plate armour
rPois    .         Spirit   .   q - +0 helmet
rElec    .         Reflect  .   k - +0 cloak
rCorr    .         Harm     .   (no gloves)
MR       .....                  n - +0 pair of boots
Stlth    ..........             (no amulet)
HPRegen  0.15/turn              (no ring)
MPRegen  0.09/turn              (no ring)

@: no status effects
A: no striking features
a: Renounce Religion


You were on level 4 of the Dungeon.
You worshipped Ru.
Ru was noncommittal.
You were not hungry.

You visited 1 branch of the dungeon, and saw 4 of its levels.

You collected 129 gold pieces.

Inventory:

Hand Weapons
 a - a +1 war axe (weapon)
 e - a +0 dagger
   (You took it off a goblin on level 1 of the Dungeon)
Missiles
 g - 111 stones
 h - 3 tomahawks (quivered)
 t - 45 sling bullets
Armour
 b - a +0 scale mail
 c - a +0 shield (worn)
 k - a +0 cloak (worn)
   (You took it off Crazy Yiuf on level 2 of the Dungeon)
 n - a +0 pair of boots (worn)
   (You found it on level 2 of the Dungeon)
 q - a +0 helmet (worn)
   (You took it off Robin on level 2 of the Dungeon)
 w - a +0 plate armour (worn)
   (You found it on level 3 of the Dungeon)
Jewellery
 l - an uncursed ring of teleportation {+/*tele, !d}
   (You found it on level 1 of the Dungeon)
Wands
 r - a wand of flame (18)
   (You took it off Robin on level 2 of the Dungeon)
Scrolls
 j - a scroll of teleportation
 m - a scroll of noise {unknown}
 o - 2 scrolls of remove curse
 p - a scroll of enchant weapon
 x - a scroll of identify {unknown}
 y - a scroll of fear {unknown}
Potions
 d - a potion of might
 i - 5 potions of brilliance {unknown}
 s - 3 potions of heal wounds {unknown}
 u - a potion of curing {unknown}
Comestibles
 f - 4 rations
 v - a chunk of flesh {@w0}


   Skills:
 - Level 3.6 Fighting
 * Level 5.5 Axes
 + Level 4.3 Armour
 + Level 4.3 Shields


You had 4 spell levels left.
You didn't know any spells.
Your spell library contained the following spells:

 Spells                   Type           Power        Failure   Level  Hunger
 Animate Skeleton         Necr           N/A          100%        1    ##.....
 Apportation              Tloc           #.....       100%        1    ##.....
 Confusing Touch          Hex            #.....       100%        1    ##.....
 Summon Small Mammal      Summ           #...         100%        1    ##.....


Dungeon Overview and Level Annotations

Branches:
Dungeon (4/15)
 Temple: D:4-7

Altars:
Ru

Annotations:
D:4 Pikel


Message History

An orc is nearby!
The orc hits you but does no damage.
Your plate armour prevents you from hitting the orc.
The orc hits you but does no damage.
You slash the orc!
You kill the orc!
No target in view!
No target in view!
No target in view!
Things that are here:
a +0 mace; a +0 leather armour; an orc corpse You butcher the orc corpse.
v - a chunk of flesh {@w0}
Things that are here:
a +0 mace; a +0 leather armour; an orc skeleton
y - a scroll labeled RITIORU HYUS Key pressed, stopping explore.
i - 5 bubbling orange potions (gained 1)
Found a stone staircase leading down.
Marking area around Pikel as unsafe for travelling.
Marking area around the slave as unsafe for travelling.
A slave and Pikel come into view.
Pikel is wielding a +0 whip of electrocution.
The slave shouts!
You hear a shout! x2
You hear a shout!
You start waiting.
The slave is too close now for your liking.
The slave hits you but does no damage.
You hit the slave.
The slave is lightly wounded.
You block the slave's attack.
You barely miss the slave.
The slave is lightly wounded.
You block the slave's attack.
You hit the slave.
The slave is moderately wounded.
The slave hits you but does no damage. The slave barely misses you.
You slash the slave!
The slave is heavily wounded.
You slash Pikel!
Pikel is moderately wounded.
You hit Pikel.
Pikel is moderately wounded.
Pikel hits you but does no damage. You block Pikel's attack.
Your plate armour prevents you from hitting Pikel.
Pikel is moderately wounded.
You block Pikel's attack.
You hit Pikel.
Pikel is heavily wounded.
Pikel hits you with a +0 whip of electrocution.
You barely miss Pikel.
Pikel is heavily wounded.
You block Pikel's attack. Pikel hits you but does no damage.
You hit Pikel.
Pikel is heavily wounded.
You block Pikel's attack.
Your shield and plate armour prevent you from hitting Pikel.
Pikel is heavily wounded.
Pikel hits you with a +0 whip of electrocution.
You hit Pikel but do no damage.
Pikel is heavily wounded.
Pikel hits you but does no damage.
You are electrocuted!!
A slave comes into view.
You are too injured to fight recklessly!
You are too injured to fight recklessly!
You are too injured to fight recklessly!
You are too injured to fight recklessly!
You hit Pikel but do no damage.
Pikel is heavily wounded.
You block Pikel's attack. Pikel hits you but does no damage.
You slash Pikel!
Pikel is severely wounded.
Pikel hits you but does no damage.
You are electrocuted!
A slave comes into view.
You closely miss Pikel.
Pikel is severely wounded.
Pikel hits you but does no damage.
You hit Pikel.
Pikel is severely wounded.
You block Pikel's attack.
Your shield and plate armour prevent you from hitting Pikel.
Pikel is severely wounded.
You block Pikel's attack.
A slave comes into view.
Pikel hits you but does no damage.
You are electrocuted!
* * * LOW HITPOINT WARNING * * *
The slave moves out of view.
You hit Pikel.
Pikel is almost dead.
Pikel hits you but does no damage.
You closely miss Pikel.
Pikel is almost dead.
You block Pikel's attack.
You hit Pikel.
Pikel is almost dead.
Pikel hits you but does no damage.
Your plate armour prevents you from hitting Pikel.
Pikel is almost dead.
Pikel hits you but does no damage. x2; You are electrocuted!!
You die...

#.# #. ###.### #.# #.#
##...# #.# #.# #..###
#<## #.####.## #..##
#......#####
##..#####p...........
##..##............##
#########.##..........###
#...<...#@#...........#
#.......#.Kpp.........#
#>..).....##.#########..
#............# ...
#.......#..### ..
#.......##.# #.......##.#
##########.# #.#


You could see Pikel and 2 slaves.

Vanquished Creatures
  Crazy Yiuf (D:2)
  Jessica (D:2)
  Robin (D:2)
  3 adders (D:2)
  A shadow imp (D:2)
  A leopard gecko (D:1)
  2 orcs
  2 giant cockroaches
  17 goblins
  7 hobgoblins
  8 jackals (D:1)
  2 ball pythons (D:1)
  6 bats
  3 frilled lizards
  6 kobolds
  2 rats
63 creatures vanquished.

Notes
Turn   | Place    | Note
-------+----------+-------------------------------------------
     0 | D:1      | sankara the Hill Orc Fighter began the quest for the Orb.
     0 | D:1      | Reached XP level 1. HP: 19/19 MP: 1/1
    27 | D:1      | Reached skill level 3 in Axes
    34 | D:1      | Reached XP level 2. HP: 18/26 MP: 2/2
   621 | D:1      | Reached XP level 3. HP: 31/31 MP: 3/3
   880 | D:2      | Noticed Jessica
   885 | D:2      | Killed Jessica
   885 | D:2      | Reached skill level 4 in Axes
   891 | D:2      | Reached XP level 4. HP: 30/39 MP: 4/4
  1032 | D:2      | Reached skill level 4 in Shields
  1038 | D:2      | Reached skill level 4 in Armour
  1061 | D:2      | Noticed Robin
  1073 | D:2      | Killed Robin
  1097 | D:2      | Reached skill level 5 in Axes
  1207 | D:2      | Found a sacrificial altar of Ru.
  1218 | D:2      | Became a worshipper of Ru the Awakened
  1352 | D:2      | Reached XP level 5. HP: 35/45 MP: 5/5
  1458 | D:2      | Found a runed translucent door.
  1459 | D:2      | Noticed Crazy Yiuf
  1728 | D:2      | Killed Crazy Yiuf
  2312 | D:4      | Noticed Pikel
  2312 | D:4      | Noticed a slave
  2351 | D:4      | Noticed a slave
  2353 | D:4      | Noticed a slave
  2356 | D:4      | Noticed a slave
  2356 | D:4      | HP: 7/45 [Pikel/+0 whip of electrocution (8)]
  2360 | D:4      | Mangled by Pikel

Skill      XL: |  1  2  3  4 |
---------------+-------------+-----
Axes           | 3 4 5 |  5.5
Shields        | 4 |  4.3
Armour         | 4 |  4.3
Fighting       | |  3.6

Action                   |  1- 3 |  4- 6 || total
-------------------------+-------+-------++-------
Melee: War axe           |    77 |   108 ||   185
  Use: Scroll            |     3 |       ||     3
  Eat: Chunk             |       |     5 ||     5
Armor: Scale mail        |    39 |    19 ||    58
       Plate armour      |       |    34 ||    34
Dodge: Dodged            |    24 |    22 ||    46
Block: Shield            |    50 |    55 ||   105

Levels and vault maps discovered:
D:1:      dpeg_arrival_fog, layout_basic, minmay_pentomino_o2
D:2:      layout_loops_ring, nicolae_ru_sacrificial_ziggurat,
          uniq_crazy_yiuf_cottage, uniq_jessica, uniq_robin
D:3:      layout_rooms
D:4:      layout_rooms, first_ration, uniq_blork_the_orc, uniq_pikel

Table legend:
 A = Turns spent in this place as a percentage of turns spent in the entire game.
 B = Non-inter-level travel turns spent in this place as a percentage of non-inter-level travel turns spent in the entire game.
 C = Inter-level travel turns spent in this place as a percentage of turns spent in this place.
 D = Turns resting spent in this place as a percentage of non-inter-level travel turns spent in this place.
 E = Turns spent auto-exploring this place as a percentage of non-inter-level travel turns spent in this place.
 F = Non-inter-level travel turns spent in this place divided by the number of levels of this place that you've seen.
                   A       B       C       D       E      F
               +-------+-------+-------+-------+-------+----------------------
         Total | 100.0 | 100.0 |   4.7 |  15.0 |  63.1 | 562.2
       Dungeon | 100.0 | 100.0 |   4.7 |  15.0 |  63.1 | 562.2
               +-------+-------+-------+-------+-------+----------------------

Table legend:
 A = Kills in this place as a percentage of kills in entire the game.
 B = Kills by you in this place as a percentage of kills by you in the entire game.
 C = Kills by friends in this place as a percentage of kills by friends in the entire game.
 D = Other kills in this place as a percentage of other kills in the entire game.
 E = Experience gained in this place as a percentage of experience gained in the entire game.
 F = Experience gained in this place divided by the number of levels of this place that you have seen.
                   A       B       C       D       E      F
               +-------+-------+-------+-------+-------+----------------------
         Total | 100.0 | 100.0 |   N/A |   N/A | 100.0 |  61.0
       Dungeon | 100.0 | 100.0 |   N/A |   N/A | 100.0 |  61.0
               +-------+-------+-------+-------+-------+----------------------
